 Seeded DCSS version 0.31.0-12-g77e489cdc1 (webtiles) character file.

Game seed: 4781134657629207314 (custom seed)

5 Pooter the Trooper (level 1, 20/20 HPs)
             Began as a Minotaur Berserker on Feb 16, 2024.
             Was a Follower of Trog.
             Quit the game on level 1 of the Dungeon.
             The game lasted 00:01:20 (96 turns).

Pooter the Trooper (Minotaur Berserker)               Turns: 96, Time: 00:01:20

Health: 20/20      AC:  2    Str: 21    XL:     1   Next: 66%
Magic:  0/0        EV: 12    Int:  4    God:    Trog [*.....]
Gold:   0          SH:  0    Dex:  9    Spells: 0/0 levels left

rFire   . . .        a - +0 hand axe
rCold   . . .        (no shield)
rNeg    . . .        b - +0 animal skin
rPois   .            (helmet restricted)
rElec   .            (no cloak)
rCorr   .            (no gloves)
SInv    .            (no boots)
Will    .....        (no amulet)
Stlth   +            (no ring)
HPRegen 0.23/turn    (no ring)
MPRegen 0.07/turn

%: no passive effects
@: no status effects
A: horns 2, retaliatory headbutt
a: Renounce Religion, Berserk


You were on level 1 of the Dungeon.
You worshipped Trog.
Trog was aware of your devotion.
You visited 1 branch of the dungeon, and saw 1 of its levels.

Inventory:

Hand Weapons
 a - a +0 hand axe (weapon)
Armour
 b - a +0 animal skin (worn)
Scrolls
 c - a scroll of teleportation {unknown}
 d - 2 scrolls of immolation {unknown}


   Skills:
 + Level 3.7 Fighting
 + Level 3.7(3.8) Axes
 * Level 0.9(2.4) Polearms
 + Level 2.5 Armour
 - Level 2.1 Dodging


You couldn't memorise any spells.
You didn't know any spells.
Your spell library was empty.

Dungeon Overview and Level Annotations

Branches:
Dungeon (1/15) Zot: 5902

Altars:

Shops:
D:1 [


Innate Abilities, Weirdness & Mutations

You have a pair of horns on your head.
You reflexively headbutt those who attack you in melee.


Message History

Your headbutt misses the frilled lizard.
The frilled lizard barely misses you.
You hit the frilled lizard but do no damage.
The frilled lizard bites you.
You hit the frilled lizard.
You kill the frilled lizard!
Trog accepts your kill.
d - 2 scrolls labelled OCLIHUR WIRENG A frilled lizard comes into view.
An endoplasm comes into view.
Found Keesm's Antique Armour Boutique.
The frilled lizard hisses angrily.
The endoplasm quivers.
A bat comes into view.
Found an escape hatch in the floor.
You are now empty-handed.
Okay, then.
a - a +0 hand axe (weapon)
You miss the frilled lizard.
Your headbutt misses the frilled lizard.
The frilled lizard bites you.
You hit the frilled lizard but do no damage.
The frilled lizard completely misses you.
You hit the frilled lizard.
You kill the frilled lizard!
Trog accepts your kill.
You hit the endoplasm but do no damage. The endoplasm closely misses you.
You hit the endoplasm but do no damage.
The endoplasm hits you but does no damage.
You hit the endoplasm. The endoplasm freezes you.
You are frozen.
You hit the endoplasm.
You kill the endoplasm!
Trog accepts your kill.
You see here a frilled lizard corpse.
The bat barely misses you.
You hit the bat. Your headbutt misses the bat.
The bat hits you but does no damage.
You barely miss the bat. The bat hits you but does no damage.
The bat barely misses you. x2
You hit the bat. The bat misses you. The bat barely misses you.
You furiously retaliate!
You headbutt the bat, but do no damage. You hit the bat.
You kill the bat!
Trog accepts your kill.
There is an entrance to Keesm's Antique Armour Boutique here.
Unknown command.
Unknown command.
Are you sure you want to abandon this character and quit the game? (Confirm with "yes".)

.....# #...####
#####.....##
#..........####
#........#.†..###
#........####...###
#........######...###
#...............†....
#...@....###########.
#...>....# #.
########## ## #
###### #...†. #.####
######..###
##....#....#


There were no monsters in sight!

Vanquished Creatures
  An endoplasm (D:1)
  2 bats (D:1)
  2 frilled lizards (D:1)
  A rat (D:1)
6 creatures vanquished.

Notes
Turn   | Place    | Note
-------+----------+-------------------------------------------
     0 | D:1      | Pooter the Minotaur Berserker began the quest for the Orb.
     0 | D:1      | Reached XP level 1. HP: 19/19 MP: 0/0
    69 | D:1      | Found Keesm's Antique Armour Boutique.
    96 | D:1      | Quit the game

Illustrated notes

Levels and vault maps discovered:
D:1:      minmay_arrival_loop, layout_basic, serial_shops, shop

Action                     || total
---------------------------++-------
  Melee: Hand axe          ||    18
 Armour: Animal skin       ||     6
  Dodge: Dodged            ||    11
